[Event "Team 45 45 League T29"]
[Site "Internet Chess Club"]
[Date "2006.02.09"]
[Round "8"]
[White "Div-anand"]
[Black "Boromir"]
[Result "1-0"]
[WhiteElo "1953"]
[BlackElo "1878"]
[TimeControl "2700+45"]

1. e4 d5 2. exd5 Qxd5 3. d4 Nf6 4. Nc3 Qa5 5. Bd3 c6 6. Ne2 Bf5 7. Bf4 e6 8. O-O
Bxd3 9. Qxd3 Qd8 10. Ng3 Bd6 11. Bxd6 Qxd6 12. Nge4 Nxe4 13. Nxe4 Qc7 14. f4 Nd7
15. f5 exf5 16. Rxf5 g6 17. Rxf7 O-O-O 18. Qh3 Rhf8 19. Raf1 Rxf7 20. Rxf7 Qa5
21. Nd6+ Kc7 22. Qg3 Qd5 23. Ne8+ Kc8 24. Qc7# {Black checkmated} 1-0  aics%

[Event "Team 45 45 League T29"]
[Site "Internet Chess Club"]
[Date "2006.02.13"]
[Round "8"]
[White "JohnnySP"]
[Black "rjml"]
[Result "0-1"]
[WhiteElo "1834"]
[BlackElo "1968"]
[TimeControl "2700+45"]

1. e4 e5 2. Nc3 Nf6 3. f4 d5 4. fxe5 Nxe4 5. Nf3 Bg4 6. Qe2 Ng5 7. h4 Nxf3+ 8.
gxf3 Be6 9. Qb5+ Nd7 10. d4 Be7 11. h5 Bh4+ 12. Ke2 O-O 13. Rg1 f6 14. h6 g6 15.
f4 fxe5 16. dxe5 Nb6 17. Bd2 d4 {White resigns} 0-1  aics%

[Event "Team 45 45 League T29"]
[Site "Internet Chess Club"]
[Date "2006.02.12"]
[Round "8"]
[White "MaunaKeaMike"]
[Black "martineden"]
[Result "0-1"]
[WhiteElo "1784"]
[BlackElo "1864"]
[TimeControl "2700+45"]

1. Nf3 d5 2. g3 Nf6 3. Bg2 c6 4. O-O Bg4 5. h3 Bxf3 6. Bxf3 Nbd7 7. d3 e5 8. e4
Qb6 9. Nd2 O-O-O 10. a4 h5 11. a5 Qc5 12. a6 b6 13. Nb3 Qd6 14. exd5 Nxd5 15.
Bg2 h4 16. Qf3 hxg3 17. Qxf7 gxf2+ 18. Rxf2 Be7 19. Qf5 Rhf8 20. Qg4 Rxf2 21.
Kxf2 Nb4 22. Qc4 e4 23. Bd2 Ne5 24. Bxb4 Qf6+ 25. Kg1 Nxc4 26. Bxe7 Qxe7 27.
dxc4 Kc7 28. c3 c5 29. Re1 e3 30. Re2 Qg5 31. Re1 Qg3 32. Rf1 e2 33. Rf7+ Rd7
34. Rxd7+ Kxd7 {White resigns} 0-1  aics%  jorquerino(FM)(71): bueno, pues el 71
es el canal oficial de habla hispana aics%

[Event "Team 45 45 League T29"]
[Site "Internet Chess Club"]
[Date "2006.02.12"]
[Round "8"]
[White "pokerram"]
[Black "Avedldesierto"]
[Result "1-0"]
[WhiteElo "1652"]
[BlackElo "1654"]
[TimeControl "2700+45"]

1. e4 e5 2. Nf3 Nc6 3. Bb5 a6 4. Bxc6 dxc6 5. O-O Bg4 6. h3 Bxf3 7. Qxf3 Qf6 8.
Qb3 Rb8 9. d3 Bc5 10. Be3 Bxe3 11. fxe3 Qe7 12. Nd2 Nf6 13. Nf3 O-O 14. Qc3 Nd7
15. Rae1 f6 16. d4 Kh8 17. Qd2 Rbd8 18. Qc3 c5 19. Nh4 exd4 20. exd4 cxd4 21.
Qxc7 Qc5 22. Qxc5 Nxc5 23. b3 Rfe8 24. Nf5 Nxe4 25. Rf4 Nc3 26. Rxe8+ Rxe8 27.
Nxd4 Nxa2 28. Nf5 Nc3 29. Rc4 Ne4 30. Rc7 g6 31. Nh4 Nd6 32. Rd7 Re6 33. Nf3 Nf5
34. Rxb7 Re2 35. c4 Ne3 36. c5 Rxg2+ 37. Kh1 Rc2 38. Rc7 Rc3 39. c6 Nd5 40. Rd7
Nb6 41. Nd4 Rxh3+ 42. Kg2 Rc3 43. Rb7 Nd5 44. Ne6 h5 45. c7 Ne7 46. Rb8+ Kh7 47.
b4 g5 48. Nc5 a5 49. Re8 Rc2+ 50. Kf1 {Black resigns} 1-0  aics%

[Event "Team 45 45 League T29"]
[Site "Internet Chess Club"]
[Date "2006.02.11"]
[Round "8"]
[White "buzzard"]
[Black "A-Ru"]
[Result "1/2-1/2"]
[WhiteElo "1662"]
[BlackElo "1918"]
[TimeControl "2700+45"]

1. e4 e6 2. c4 d5 3. exd5 exd5 4. d4 Nf6 5. h3 Bb4+ 6. Nc3 O-O 7. a3 Re8+ 8. Be3
Bxc3+ 9. bxc3 dxc4 10. Bxc4 Be6 11. Bd3 Bd5 12. Nf3 c5 13. O-O cxd4 14. Bxd4 Nc6
15. Bxf6 Qxf6 16. Bxh7+ Kxh7 17. Qxd5 Red8 18. Qh5+ Kg8 19. Ng5 Qf5 20. g4 Qg6
21. Qxg6 fxg6 22. f4 Rd3 23. a4 Rxc3 24. Rfe1 Rc4 25. Rab1 b6 26. Re6 Rc8 27.
Rbe1 Rxf4 28. Rxg6 Rf6 29. Re6 Rxg6 30. Rxg6 Ne7 31. Rd6 Kf8 32. Kf2 Ke8 33. Rd4
Rc6 34. h4 a6 35. Nf3 b5 36. axb5 axb5 37. Ne5 Re6 38. Nd3 Nc6 39. Rd5 b4 40.
Nc5 Re5 41. Rxe5+ Nxe5 42. g5 Kf7 43. h5 Nc6 44. Ke3 Ke7 45. Kd3 Ne5+ 46. Ke4
Nf7 47. g6 Nd6+ 48. Kd5 Nf5 49. Kc4 Ng3 50. Kxb4 Nxh5 51. Nd3 Kf6 52. Kc4 Kxg6
53. Kd4 Kf5 54. Ke3 Kg4 55. Kf2 g5 56. Ne5+ Kh3 57. Kf3 Ng7 58. Ng4 Nf5 59. Nf2+
Kh4 60. Kg2 Nd4 61. Ne4 g4 62. Nf2 g3 63. Ne4 {Game drawn by mutual agreement}
1/2-1/2  aics%

[Event "Team 45 45 League T29"]
[Site "Internet Chess Club"]
[Date "2006.02.11"]
[Round "8"]
[White "Rookmaster"]
[Black "Chessnut"]
[Result "0-1"]
[WhiteElo "1663"]
[BlackElo "1844"]
[TimeControl "2700+45"]

1. e4 e5 2. Nf3 Nc6 3. Bc4 Bc5 4. O-O Nf6 5. d4 Bxd4 6. Nxd4 Nxd4 7. f4 d6 8. c3
Nc6 9. f5 O-O 10. Bg5 h6 11. Bh4 a6 12. a4 b6 13. Nd2 Bb7 14. g4 Nb8 15. Qe2
Nbd7 16. g5 hxg5 17. Bxg5 a5 18. h4 Qe7 19. h5 Kh7 20. Kf2 d5 21. exd5 Bxd5 22.
Bxd5 Qc5+ 23. Ke1 Qxd5 24. Rd1 Qc6 25. h6 gxh6 26. Bxh6 Rg8 27. Qh2 Ng4 28. Qh5
Qxh6 29. Qxf7+ Rg7 {White resigns} 0-1  aics%

[Event "Team 45 45 League T29"]
[Site "Internet Chess Club"]
[Date "2006.02.14"]
[Round "8"]
[White "MrShaw"]
[Black "Kingofknights"]
[Result "1-0"]
[WhiteElo "1771"]
[BlackElo "1651"]
[TimeControl "2700+45"]

1. e4 c6 2. d4 d5 3. exd5 cxd5 4. c4 Nf6 5. Nc3 a6 6. Nf3 e6 7. cxd5 Nxd5 8. Bd3
Nc6 9. O-O b5 10. Re1 Be7 11. Nxd5 Qxd5 12. Bf4 Bb7 13. Be4 Qd7 14. Rc1 O-O 15.
Bxc6 Bxc6 16. Ne5 {Black resigns} 1-0  aics%

[Event "Team 45 45 League T29"]
[Site "Internet Chess Club"]
[Date "2006.02.13"]
[Round "8"]
[White "DaveTheRook"]
[Black "RingLord"]
[Result "0-1"]
[WhiteElo "1677"]
[BlackElo "1672"]
[TimeControl "2700+45"]

1. Nf3 d5 2. g3 Nf6 3. Bg2 g6 4. d3 Bg7 5. O-O O-O 6. c3 c5 7. Nbd2 Nc6 8. Qc2
Re8 9. e4 e5 10. a3 a5 11. Re1 Qc7 12. Rb1 a4 13. exd5 Nxd5 14. Nxe5 Rxe5 15.
Rxe5 Qxe5 16. Nf3 Qc7 17. Qe2 Bg4 18. h3 Be6 19. Ng5 Qd7 20. c4 Nd4 21. Qe4 Nf6
22. Qxb7 Qxb7 23. Bxb7 Rb8 24. Nxe6 fxe6 25. Bg2 Ne2+ 26. Kf1 Nxc1 27. Rxc1 Rxb2
28. Re1 Kf7 29. Re5 Nd7 30. Re1 Bd4 31. Re2 Rb1+ 32. Re1 Rxe1+ 33. Kxe1 Bb2 34.
Bc6 Nb6 35. Kd1 Bxa3 36. Kc2 g5 37. Bxa4 Nxa4 38. Kb3 Nb2 39. Kxa3 Nxd3 40. f3
Kf6 41. Ka4 Ke5 42. Kb5 Kd4 43. Kc6 Kxc4 {White resigns} 0-1  aics%

[Event "Team 45 45 League T29"]
[Site "Internet Chess Club"]
[Date "2006.02.11"]
[Round "8"]
[White "MoneyGame"]
[Black "searchforbobby1"]
[Result "1-0"]
[WhiteElo "2304"]
[BlackElo "2093"]
[TimeControl "2700+45"]

1. d4 d5 2. c4 e6 3. Nc3 f5 4. cxd5 exd5 5. Bf4 c6 6. e3 Nf6 7. Bd3 Bd6 8. Nge2
O-O 9. Bxd6 Qxd6 10. f3 Re8 11. Qd2 Qe7 12. Kf2 Be6 13. h4 Nbd7 14. Ng3 g6 15.
h5 Rf8 16. hxg6 hxg6 17. Rh6 Kg7 18. Rah1 Rh8 19. Rxh8 Rxh8 20. Rxh8 Kxh8 21.
Nce2 b6 22. Qc3 Qd6 23. b4 Kg7 24. Kg1 Kf7 25. Kf2 Kg7 26. Qe1 Nf8 27. Nf4 Bd7
28. Bc2 c5 29. bxc5 bxc5 30. dxc5 Qxc5 31. Qd2 Ne6 32. Nd3 Qd6 33. Ne2 Bb5 34.
Qa5 a6 35. Qc3 Bxd3 36. Bxd3 Kf7 37. Nd4 Nxd4 38. Qxd4 Qa3 39. Qa7+ Kg8 40. Qxa6
Qb2+ 41. Be2 Qe5 42. Qd3 Kg7 43. Qd4 Qc7 44. a4 g5 45. Bd3 Kg6 46. Qa1 Nh5 47.
a5 {Black forfeits on time} 1-0  aics%

[Event "Team 45 45 League T29"]
[Site "Internet Chess Club"]
[Date "2006.02.12"]
[Round "8"]
[White "Burning-Bush"]
[Black "gracey"]
[Result "1/2-1/2"]
[WhiteElo "2062"]
[BlackElo "2064"]
[TimeControl "2700+45"]

1. d4 g6 2. c4 Nf6 3. Nc3 c6 4. e4 d5 5. e5 Ne4 6. Nxe4 dxe4 7. Ne2 c5 8. d5 Bg7
9. Bf4 Nd7 10. Qa4 O-O 11. Nc3 Qb6 12. Qb3 Nxe5 13. Nxe4 Bg4 14. f3 Nxf3+ 15.
gxf3 Qxb3 16. axb3 Bxf3 17. Nf2 Bxb2 18. Ra2 Bc3+ 19. Bd2 Bxd2+ 20. Rxd2 Bxh1
21. Nxh1 Kg7 22. Ng3 f5 23. Bg2 Rf7 24. h4 Raf8 25. Ne2 f4 26. Bf3 b6 27. Nc3 a5
28. Re2 Rd8 29. Ne4 h6 30. Kf2 Ra8 31. Nc3 Ra7 32. Nb5 Rd7 33. Bg4 Rd8 34. Nc7
Kh8 35. Kf3 Rb8 36. Re6 Kh7 37. Bh3 g5 38. hxg5 hxg5 39. Bf1 Kg7 40. Bd3 g4+ 41.
Kxg4 f3 42. Rg6+ Kh8 43. Rh6+ Kg8 44. Ne6 f2 45. Rh1 Ra8 46. Ra1 a4 47. bxa4 Kh8
48. Rh1+ Kg8 49. Ng5 Rf6 50. Ra1 Raf8 51. Rf1 Kh8 52. Rh1+ Kg8 53. Rf1 Kh8 54.
Rh1+ Kg8 55. Rf1 {Game drawn by repetition} 1/2-1/2  aics%

[Event "Team 45 45 League T29"]
[Site "Internet Chess Club"]
[Date "2006.02.11"]
[Round "8"]
[White "viking99"]
[Black "mike0897"]
[Result "1/2-1/2"]
[WhiteElo "1788"]
[BlackElo "1850"]
[TimeControl "2700+45"]

1. e4 c5 2. Nf3 d6 3. d4 cxd4 4. Nxd4 Nf6 5. f3 a6 6. c4 e5 7. Nc2 Be6 8. Nc3
Nbd7 9. Be3 Rc8 10. b3 Be7 11. Be2 O-O 12. O-O Qa5 13. Nd5 Bxd5 14. cxd5 Bd8 15.
Bf2 Bb6 16. Ne3 Bd4 17. Nc4 Bxf2+ 18. Rxf2 Qc7 19. Rf1 Qb8 20. Rc1 Nh5 21. Qd2
Nf4 22. g3 Nxe2+ 23. Qxe2 Rc7 24. Qd2 Rfc8 25. Ne3 g6 26. Rc4 b5 27. Rcc1 Qb6
28. Kg2 Kg7 29. Ng4 h5 30. Rxc7 Rxc7 31. Ne3 Rc5 32. g4 h4 33. Kh3 Qd8 34. Ng2
g5 35. Ne3 Nf8 36. Nf5+ Kh7 37. Rc1 Ng6 38. Kg2 Nf4+ 39. Kf1 Qc7 40. Rxc5 Qxc5
41. b4 Qc4+ 42. Kg1 Nh3+ 43. Kg2 Nf4+ 44. Kg1 Qc7 45. Ne3 Kg8 46. Qc2 Qa7 47.
Kf2 Kg7 48. Qc3 Kf6 49. Ke1 Qb6 50. Kd1 Qd4+ 51. Qxd4 exd4 52. Nf5 Ke5 53. Kd2
Nh3 54. Kd3 Nf2+ 55. Ke2 {Game drawn by mutual agreement} 1/2-1/2  aics%

[Event "Team 45 45 League T29"]
[Site "Internet Chess Club"]
[Date "2006.02.14"]
[Round "8"]
[White "Sir-Knightly"]
[Black "Ozgur-Bjk"]
[Result "1-0"]
[WhiteElo "2210"]
[BlackElo "2152"]
[TimeControl "2700+45"]

1. d4 d5 2. c4 e6 3. Nc3 Nf6 4. cxd5 exd5 5. Bg5 Be7 6. Qc2 c6 7. e3 Nbd7 8. Bd3
O-O 9. Nf3 Re8 10. O-O h6 11. Bh4 Ne4 12. Bxe7 Qxe7 13. b4 Qxb4 14. Nxe4 dxe4
15. Bxe4 Nf6 16. Rab1 Qe7 17. Bd3 Be6 18. a4 Rac8 19. Rfc1 Nd5 20. Qb2 b6 21. e4
Nf4 22. Ba6 Rc7 23. Kh1 Bc8 24. Bc4 Be6 25. Bf1 Ng6 26. a5 b5 27. g3 a6 28. Nd2
Qd7 29. f4 f5 30. Bg2 fxe4 31. Nxe4 Bd5 32. Re1 Rcc8 33. Qc3 Bxe4 34. Bxe4 Ne7
35. Qc5 Nd5 36. Re2 Nf6 37. Bf5 Qd5+ 38. Qxd5+ Nxd5 39. Bxc8 Rxe2 40. Bxa6 Ra2
41. Bb7 Rxa5 42. Bxc6 Nc3 43. Rb2 Ra1+ 44. Kg2 Rd1 45. Rb3 Rd2+ 46. Kf3 Nd1 47.
Bxb5 Rxd4 48. Bd3 Nb2 49. Ke3 Rxd3+ 50. Rxd3 Nxd3 51. Kxd3 Kf7 52. g4 Kf6 53. h4
g6 54. Kd4 Ke6 55. Ke4 Kf6 56. Kd5 Kg7 57. Ke6 Kg8 58. Ke7 Kg7 59. f5 h5 60. f6+
{Black resigns} 1-0  aics%

[Event "Team 45 45 League T29"]
[Site "Internet Chess Club"]
[Date "2006.02.09"]
[Round "8"]
[White "trevor21"]
[Black "Bort"]
[Result "1-0"]
[WhiteElo "2180"]
[BlackElo "1951"]
[TimeControl "2700+45"]

1. d4 e6 2. c4 b6 3. a3 Bb7 4. Nc3 f5 5. Nh3 Nf6 6. f3 g6 7. e3 Bg7 8. Be2 O-O
9. O-O d6 10. b4 Nbd7 11. Qb3 Qe7 12. Bd2 a6 13. a4 Rab8 14. a5 bxa5 15. Rxa5 c5
16. Na4 Rfc8 17. Qa3 Bf8 18. Rb1 Kh8 19. Nf2 e5 20. d5 e4 21. f4 Bg7 22. bxc5
Nxc5 23. Nxc5 dxc5 24. Bd1 Qc7 25. Qc1 Ne8 26. Ra3 Nd6 27. Ba5 Qe7 28. Ba4 Kg8
29. Rab3 Ra8 30. Qc2 Bf6 31. g3 Qg7 32. h3 Bd8 33. Bb6 Bxb6 34. Rxb6 Qc7 35. Qc3
Nb5 36. Qf6 {Black resigns} 1-0  aics%

[Event "Team 45 45 League T29"]
[Site "Internet Chess Club"]
[Date "2006.02.12"]
[Round "8"]
[White "forketta"]
[Black "adingod"]
[Result "1/2-1/2"]
[WhiteElo "1913"]
[BlackElo "2012"]
[TimeControl "2700+45"]

1. d4 Nf6 2. c4 g6 3. Nc3 d5 4. cxd5 Nxd5 5. e4 Nxc3 6. bxc3 Bg7 7. Nf3 O-O 8.
Be2 c5 9. Rb1 cxd4 10. cxd4 Nc6 11. d5 Nb8 12. O-O Nd7 13. Be3 Nf6 14. Qd3 b6
15. Nd4 e6 16. Nc6 Qd7 17. Bf3 Re8 18. Rfd1 exd5 19. exd5 Qd6 20. Rbc1 Ng4 21.
Bxg4 Bxg4 22. Re1 Be6 23. Red1 Bg4 24. Re1 Be6 25. Red1 Bg4 26. Re1 Be6 {Game
drawn by repetition} 1/2-1/2  aics%

[Event "Team 45 45 League T29"]
[Site "Internet Chess Club"]
[Date "2006.02.11"]
[Round "8"]
[White "Div-anand"]
[Black "JudokaUsa"]
[Result "1-0"]
[WhiteElo "1966"]
[BlackElo "1877"]
[TimeControl "2700+45"]

1. e4 c5 2. Nf3 e6 3. d4 cxd4 4. Nxd4 a6 5. a4 Nf6 6. Nc3 Qc7 7. Be2 Bb4 8. O-O
Bxc3 9. bxc3 Nxe4 10. Bf3 Nf6 11. Ba3 Nc6 12. Bxc6 bxc6 13. Nf5 d5 14. Nxg7+ Kd8
15. Qd4 Ne8 16. Nxe6+ fxe6 17. Qxh8 Ra7 18. Qd4 Rb7 19. Qh4+ {Black resigns} 1-0
 aics%

[Event "Team 45 45 League T29"]
[Site "Internet Chess Club"]
[Date "2006.02.13"]
[Round "8"]
[White "e4ia"]
[Black "wojozim"]
[Result "1-0"]
[WhiteElo "1555"]
[BlackElo "1656"]
[TimeControl "2700+45"]

1. d4 f5 2. g4 d5 3. Bf4 Nf6 4. g5 Ne4 5. Qd3 Nc6 6. Nf3 Be6 7. Nbd2 Qd7 8. c3
g6 9. h4 Bg7 10. h5 O-O-O 11. h6 Bf8 12. Be5 Rg8 13. b4 Bf7 14. a4 e6 15. Rb1
Bd6 16. Bxd6 Qxd6 17. b5 Na5 18. Ne5 Be8 19. f4 Qa3 20. Nxe4 fxe4 21. Qc2 Nc4
22. Bh3 Bd7 23. Nxc4 dxc4 24. Kd2 Rgf8 25. e3 e5 26. Ra1 Qe7 27. Qxe4 Bxh3 28.
Rxh3 Qd7 29. Rf3 Qg4 30. Raf1 exf4 31. Rxf4 Rxf4 32. Qxf4 Qg2+ 33. Rf2 Qd5 34.
e4 Qe6 35. Kc2 Qh3 36. Qf3 Qh4 37. Qg2 Re8 38. e5 Kd7 39. Rf7+ Ke6 40. Rf6+ Ke7
41. Qd5 Qh2+ 42. Kb1 Qg1+ 43. Ka2 Qd1 44. Rf7# {Black checkmated} 1-0  aics%

[Event "Team 45 45 League T29"]
[Site "Internet Chess Club"]
[Date "2006.02.12"]
[Round "8"]
[White "Smart"]
[Black "tammany"]
[Result "0-1"]
[WhiteElo "1615"]
[BlackElo "1645"]
[TimeControl "2700+45"]

1. e4 c5 2. Nf3 g6 3. d4 cxd4 4. Qxd4 Nf6 5. e5 Nc6 6. Qc3 Nd5 7. Qc4 Nb6 8. Qh4
Bg7 9. Bf4 Nd5 10. Bg3 Qa5+ 11. c3 Nc7 12. Qe4 O-O 13. Nbd2 b5 14. Nb3 Qb6 15.
Bd3 Bb7 16. Qe2 a6 17. O-O Rfe8 18. Rfe1 Ne6 19. Rad1 Rad8 20. Bc2 Ba8 21. Nc1
Nc5 22. Nb3 Na4 23. Bb1 Nc5 24. Nbd4 e6 25. b3 Qb7 26. Bc2 Qc8 27. Nd2 Nxd4 28.
cxd4 Qc6 29. f3 Nb7 30. Ne4 Rc8 31. Rc1 Qb6 32. Bf2 Qd8 33. Qd2 d5 34. Ng3 f6
35. f4 fxe5 36. fxe5 Rf8 37. Ne2 Rc7 38. Rf1 Rcf7 39. Be3 Qh4 40. Nf4 Nd8 41.
Bb1 Bh6 42. g3 Qg4 43. Kh1 g5 44. Nd3 Rxf1+ 45. Bg1 Qf3+ 46. Qg2 Rxc1 47. Qxf3
Rxf3 48. Nxc1 Rf1 49. Kg2 Rxc1 50. Bd3 Rd1 51. Bc2 Rd2+ 52. Kf3 Rxc2 {White
resigns} 0-1  aics%

[Event "Team 45 45 League T29"]
[Site "Internet Chess Club"]
[Date "2006.02.12"]
[Round "8"]
[White "dougmo"]
[Black "rabanito"]
[Result "0-1"]
[WhiteElo "1488"]
[BlackElo "1483"]
[TimeControl "2700+45"]

1. e4 e5 2. Nf3 Nc6 3. d4 exd4 4. Bc4 Bc5 5. c3 Nf6 6. cxd4 Bb4+ 7. Bd2 Bxd2+ 8.
Nbxd2 d5 9. exd5 Nxd5 10. Qb3 Nce7 11. O-O O-O 12. Rfe1 c6 13. a4 a5 14. Ne5 Be6
15. Ne4 b5 16. axb5 Rb8 17. Nc5 cxb5 18. Nxe6 bxc4 19. Qxc4 fxe6 20. Nc6 Nxc6
21. Qxc6 Rxb2 22. Qxe6+ Kh8 23. Rxa5 Qxa5 24. Qe8 Rg8 {White resigns} 0-1  aics%

[Event "Team 45 45 League T29"]
[Site "Internet Chess Club"]
[Date "2006.02.10"]
[Round "8"]
[White "MrLee"]
[Black "calily"]
[Result "1-0"]
[WhiteElo "1716"]
[BlackElo "1618"]
[TimeControl "2700+45"]

1. d4 Nf6 2. c4 e6 3. Nc3 d5 4. cxd5 exd5 5. Bg5 c6 6. e3 Bf5 7. Qf3 g6 8. Bxf6
Qxf6 9. g4 Bg7 10. gxf5 O-O 11. Bd3 Nd7 12. Nge2 Rae8 13. Qh3 Re7 14. Kd2 Rfe8
15. Rhg1 Nb6 16. Nf4 Nc4+ 17. Bxc4 dxc4 18. fxg6 fxg6 19. Raf1 Rd8 20. Rg4 Qf5
21. Qg3 Bxd4 22. exd4 Rxd4+ 23. Kc1 Kg7 24. Nh5+ Qxh5 25. Rxd4 Qc5 26. Rfd1
{Black resigns} 1-0  aics%

[Event "Team 45 45 League T29"]
[Site "Internet Chess Club"]
[Date "2006.02.12"]
[Round "8"]
[White "egd01"]
[Black "smitty120"]
[Result "0-1"]
[WhiteElo "1620"]
[BlackElo "1684"]
[TimeControl "2700+45"]

1. e4 e5 2. Nf3 Nc6 3. Bb5 a6 4. Ba4 Nf6 5. O-O Be7 6. Re1 b5 7. Bb3 O-O 8. c3
d5 9. exd5 Nxd5 10. Nxe5 Nxe5 11. Rxe5 c6 12. d4 Bd6 13. Rh5 g6 14. Bxd5 cxd5
15. Rh6 Re8 16. Nd2 Bf8 17. Nf3 Bxh6 18. Bxh6 Bg4 19. Qd3 Bxf3 20. Qxf3 Re4 21.
Qg3 Qh4 22. Qxh4 Rxh4 23. Bg5 Re4 24. Bf6 Rae8 25. Kf1 Re2 26. Rb1 Rc2 27. Be5
f6 28. Bxf6 Ree2 29. Bh4 Rxb2 30. Re1 Rxe1+ 31. Kxe1 Rxa2 32. Kd1 Kf7 33. Kc1 a5
34. h3 a4 35. Kb1 Re2 36. Bg3 Ke6 37. Kc1 Kf5 38. Kd1 Ra2 {White resigns} 0-1 
aics%

[Event "Team 45 45 League T29"]
[Site "Internet Chess Club"]
[Date "2006.02.12"]
[Round "8"]
[White "BorgCollective"]
[Black "mambomex"]
[Result "1/2-1/2"]
[WhiteElo "1580"]
[BlackElo "1628"]
[TimeControl "2700+45"]

1. f4 f5 2. e3 e5 3. fxe5 d6 4. exd6 Bxd6 5. Nf3 Be6 6. Nc3 Ne7 7. Nb5 Nbc6 8.
Ng5 Bg8 9. Qh5+ g6 10. Qh6 Nb4 11. Nd4 Nec6 12. Ngf3 Nxd4 13. Nxd4 Qf6 14. a3
Na2 15. Be2 Nxc1 16. Rxc1 O-O-O 17. O-O Be5 18. c3 Bd5 19. b4 Qe7 20. a4 Kb8 21.
a5 Bxd4 22. cxd4 Qxb4 23. Qf4 Qxa5 24. Rc5 Qxd2 25. Qxc7+ Ka8 26. Rxd5 Rc8 27.
Qd7 Qxe2 28. Rb5 Qxe3+ 29. Kh1 Qe4 30. d5 Rb8 31. Ra5 Qe3 32. Qb5 Rbc8 33. Qb2
Rhd8 34. Rfa1 Kb8 35. h3 Rd6 36. Rxa7 Qxa7 37. Rxa7 Kxa7 38. Qa3+ Ra6 39. Qe3+
Rb6 40. Qa3+ Kb8 41. Qe7 f4 42. d6 Rb1+ 43. Kh2 Rcc1 44. Qf8+ Ka7 45. Qxf4 Rh1+
46. Kg3 Rhd1 47. Qc4 Rbc1 48. Qa4+ Kb6 49. Qb3+ Kc6 50. Qf3+ Kxd6 51. Qxb7 Rd5
52. Qxh7 Rc3+ 53. Kh2 g5 54. Qh6+ Kc5 55. Qf8+ Kc4 56. Qc8+ Rc5 57. Qg4+ Kb3 58.
Qe6+ Kb4 59. Qe4+ R3c4 60. Qe1+ Kb5 61. Qe8+ Ka5 62. Qd8+ Kb4 63. Qe7 Rd4 64.
Qe1+ Kc4 65. Qc1+ Kb5 66. Qb2+ Rb4 67. Qe2+ Rbc4 68. Qb2+ Ka6 69. Qf6+ Ka5 70.
Qd8+ Kb5 71. Qe8+ Rc6 72. Qb8+ Ka4 73. Qa7+ Kb4 74. Qb8+ Ka4 75. Qa7+ Kb4 76.
Qb8+ {Game drawn by mutual agreement} 1/2-1/2  aics%

[Event "Team 45 45 League T29"]
[Site "Internet Chess Club"]
[Date "2006.02.12"]
[Round "8"]
[White "arriero55"]
[Black "stan194803"]
[Result "1-0"]
[WhiteElo "1538"]
[BlackElo "1409"]
[TimeControl "2700+45"]

1. e4 e5 2. Nf3 Nc6 3. Bb5 a6 4. Ba4 Nf6 5. O-O Bc5 6. Nxe5 Bxf2+ 7. Rxf2 Nxe5
8. d4 Neg4 9. Rf1 O-O 10. h3 d5 11. e5 Nxe5 12. dxe5 Ne4 13. c3 c6 14. Bc2 Ng3
15. Qd3 Ne4 16. Nd2 f5 17. exf6 Rxf6 18. Nxe4 Rxf1+ 19. Kxf1 Qf8+ 20. Nf2 g6 21.
Qd4 Bf5 22. Bxf5 Qxf5 23. Bh6 Qf7 24. Kg1 Re8 25. Ng4 Re6 26. Rf1 Qe7 27. Nf6+
Rxf6 28. Qxf6 Qe3+ {Black resigns} 1-0  aics%

[Event "Team 45 45 League T29"]
[Site "Internet Chess Club"]
[Date "2006.02.11"]
[Round "8"]
[White "room-matt"]
[Black "GoIrish"]
[Result "1/2-1/2"]
[WhiteElo "1868"]
[BlackElo "1623"]
[TimeControl "2700+45"]

1. e4 d6 2. d4 Nf6 3. Nc3 g6 4. Be2 Bg7 5. g4 O-O 6. g5 Nfd7 7. f4 e5 8. Nf3
exf4 9. Bxf4 Nc6 10. h4 Nb6 11. Qd3 Bg4 12. Ng1 Qd7 13. Qd1 Bxe2 14. Ngxe2 Rae8
15. a3 Qe7 16. h5 gxh5 17. Rxh5 f5 18. gxf6 Qxf6 19. d5 Nd4 20. Qxd4 Qxd4 21.
Nxd4 Rxf4 22. O-O-O Nc4 23. Rg5 Re5 24. Nf5 Rexf5 25. Rxf5 Rxf5 26. exf5 Ne3 27.
Re1 Nxf5 28. Re8+ Kf7 29. Rc8 c6 30. Rc7+ Kf6 31. Rxb7 cxd5 32. Nxd5+ Ke5 33.
Nb4 h5 34. Nc6+ Ke4 35. Nxa7 h4 36. Rb3 Kf4 37. Rb4+ Kg3 38. Rb5 Be5 39. Rd5 h3
40. Rd3+ Kg2 41. Rd2+ Kg3 42. Rd3+ Kg2 43. Rd2+ {Game drawn by mutual agreement}
1/2-1/2  aics%

[Event "Team 45 45 League T29"]
[Site "Internet Chess Club"]
[Date "2006.02.13"]
[Round "8"]
[White "TheBrewer"]
[Black "Rainbird"]
[Result "0-1"]
[WhiteElo "1565"]
[BlackElo "1663"]
[TimeControl "2700+45"]

1. d4 Nf6 2. Nf3 d5 3. e3 c5 4. c3 Qc7 5. Bd3 g6 6. Nbd2 Bg7 7. e4 cxd4 8. cxd4
dxe4 9. Nxe4 O-O 10. Nxf6+ Bxf6 11. O-O Rd8 12. Be3 Bg4 13. Rc1 Qd7 14. Bb1 Nc6
15. Qb3 Bxf3 16. gxf3 Rac8 17. Qa4 Qc7 18. Rfd1 Qa5 19. Qxa5 Nxa5 20. Rxc8 Rxc8
21. b3 Nc6 22. d5 Rd8 23. a3 a6 24. b4 Ne5 25. Ba2 Nxf3+ 26. Kh1 Nh4 27. Bf4 Bb2
28. a4 Ba3 29. b5 axb5 30. axb5 Nf5 31. Bb1 Bd6 32. Be3 Rc8 33. Rc1 Rxc1+ 34.
Bxc1 Bc5 35. Kg2 Kf8 36. Ba2 Nd6 37. Bc4 Nxc4 {White resigns} 0-1  aics%

[Event "Team 45 45 League T29"]
[Site "Internet Chess Club"]
[Date "2006.02.13"]
[Round "8"]
[White "clarinetref"]
[Black "Katie"]
[Result "1-0"]
[WhiteElo "1623"]
[BlackElo "1528"]
[TimeControl "2700+45"]

1. Nf3 Nf6 2. c4 e6 3. g3 Be7 4. Bg2 d5 5. b3 O-O 6. Bb2 c6 7. O-O Re8 8. d3
Nbd7 9. Nbd2 Qc7 10. Rc1 a5 11. cxd5 exd5 12. a3 Nc5 13. Bd4 Ne6 14. Bb2 Bd7 15.
Ne5 Qd8 16. Rc2 Ng5 17. Nxd7 Qxd7 18. Qa1 Qf5 19. Nf3 Nh3+ 20. Kh1 Bd6 21. Bxf6
gxf6 22. Bxh3 Qxh3 23. Rg1 Qh6 24. Nh4 Re5 25. a4 Rh5 26. Qd4 Re8 27. Qg4+ Kf8
28. Rg2 Rg5 29. Qd7 Bb4 30. Qxb7 c5 31. Qd7 Rge5 32. f4 R5e7 33. Qxd5 Be1 34.
Nf5 Qh3 35. Nxe7 Bxg3 36. Rxg3 Qf1+ 37. Rg1 Qxf4 38. Qxc5 Rxe7 39. Qc8+ Re8 40.
Qc5+ Re7 41. Rc4 {Black resigns} 1-0  aics%

[Event "Team 45 45 League T29"]
[Site "Internet Chess Club"]
[Date "2006.02.11"]
[Round "8"]
[White "Zyme"]
[Black "Just-Jim"]
[Result "0-1"]
[WhiteElo "1500"]
[BlackElo "1426"]
[TimeControl "2700+45"]

1. d4 d5 2. c4 c6 3. Nf3 Bf5 4. e3 Nd7 5. Nc3 e6 6. Nh4 Qxh4 7. g3 Qd8 8. Bg2
Ngf6 9. O-O dxc4 10. Re1 Bb4 11. Qa4 Bxc3 12. bxc3 b5 13. Qb4 a5 14. Qd6 Be4 15.
Bxe4 Nxe4 16. Qxc6 Nxc3 17. Bb2 Rc8 18. Qa6 Na4 19. Qxb5 Nxb2 20. Qxb2 O-O 21.
Rec1 Nf6 22. Rc2 Qd5 23. Rac1 Rc6 24. Rb1 Qf5 25. Rbc1 Qd3 26. Qb5 Rfc8 27. Qxa5
Qf5 28. Qa4 h6 29. Rxc4 Rxc4 30. Rxc4 Rxc4 31. Qxc4 Qh3 32. f3 Nd5 33. Qb3 Qh5
34. Kg2 Qg5 35. a4 Nxe3+ 36. Kf2 Nd5 37. a5 Qd2+ 38. Kf1 Qxa5 39. Qb8+ Kh7 40.
Qb1+ g6 41. Qe4 Qd2 42. Kg1 Ne3 43. f4 Qe1# {White checkmated} 0-1  aics%

[Event "Team 45 45 League T29"]
[Site "Internet Chess Club"]
[Date "2006.02.09"]
[Round "8"]
[White "az2112"]
[Black "tarheels"]
[Result "1/2-1/2"]
[WhiteElo "1667"]
[BlackElo "1840"]
[TimeControl "2700+45"]

1. d4 d5 2. c4 e6 3. Nc3 Nf6 4. Bg5 Be7 5. Nf3 a6 6. h3 dxc4 7. a4 Nc6 8. e3 Na5
9. Ne5 c6 10. Nxc4 Nxc4 11. Bxc4 b5 12. axb5 cxb5 13. Bxb5+ Nd7 14. Bxe7 Qxe7
15. Qe2 Qd6 16. O-O Bb7 17. Bd3 Nf6 18. Rfc1 O-O 19. Ra5 Rfc8 20. Rca1 Qc6 21.
e4 Qb6 22. Bxa6 Rcb8 23. Qb5 Bxa6 24. Rxa6 Rxa6 25. Rxa6 Qxb5 26. Nxb5 h6 27.
Nd6 Rxb2 28. Ra8+ Kh7 29. e5 Nd5 30. Nxf7 Rd2 31. Nd8 Nf4 32. Ra6 Ne2+ 33. Kf1
Nxd4 34. Ke1 Re2+ 35. Kf1 Rxe5 36. Rd6 Rd5 37. Nb7 Rb5 38. Rxd4 Rxb7 39. Ke2 Kg6
40. Rd2 Kf5 41. Ke3 e5 42. f3 Rb3+ 43. Rd3 Rxd3+ 44. Kxd3 Kf4 45. Ke2 e4 46.
fxe4 Kxe4 47. Kf2 Kf4 48. g3+ Ke4 49. Ke2 g5 50. g4 Kd4 51. Kd2 {Game drawn by
mutual agreement} 1/2-1/2  aics%